 Dungeon Crawl Stone Soup version 0.31-a0-978-g1e143483b6 (webtiles) character file.

Game seed: 14118921019927414670

5896 Dirtsage the Martial Artist (level 10, 0/69 HPs)
             Began as an Octopode Shapeshifter on Oct 30, 2023.
             Was a Follower of Wu Jian.
             Shot with an arrow by a centaur (8 damage)
             ... on level 10 of the Dungeon.
             The game lasted 00:17:43 (9571 turns).

Dirtsage the Martial Artist (Octopode Shapeshifter) Turns: 9571, Time: 00:17:44

Health: 0/69       AC:  1    Str: 14    XL:     10   Next: 82%
Magic:  0/10       EV: 13    Int: 12    God:    Wu Jian [*.....]
Gold:   435        SH:  0    Dex: 16    Spells: 9/9 levels left

rFire   . .          .
                       - Unarmed
rCold   . . .        (shield currently unavailable)
rNeg    + . .        (helmet restricted)
rPois   .            k - amulet of guardian spirit
rElec   .            S - ring of see invisible
rCorr   .            N - ring of positive energy
SInv    +            (no ring)
Will    .....        (no ring)
Stlth   ++           (no ring)
HPRegen 0.31/turn    (no ring)
MPRegen 0.12/turn    (no ring)
                     (no ring)

%: guardian spirit
@: blade tentacles, studying Short Blades
A: reduced hp, almost no armour, amphibious, 8 rings, camouflage 1, gelatinous
body 1, (nimble swimmer 1), tentacles
a: Begin Untransformation, Renounce Religion


You were on level 10 of the Dungeon.
You worshipped Wu Jian.
Wu Jian was aware of your devotion.
You had blades for main tentacles.
You visited 3 branches of the dungeon, and saw 12 of its levels.

You collected 435 gold pieces.

Inventory:

Magical Staves
 p - a staff of fire
Jewellery
 k - an amulet of guardian spirit (around mantle)
 N - a ring of positive energy (right blade tentacle)
 S - a ring of see invisible (left blade tentacle)
Talismans
 b - a beast talisman
 c - a flux talisman
 m - a blade talisman (active)
Wands
 e - a wand of iceblast (13)
 o - a wand of flame (5)
 C - a wand of paralysis (11)
Scrolls
 g - 2 scrolls of fear
 j - a scroll of enchant weapon
 r - a scroll of vulnerability
 s - a scroll of noise
 t - 2 scrolls of teleportation
 u - 2 scrolls of amnesia
 v - a scroll of silence
 w - 2 scrolls of summoning
 y - a scroll of immolation
 z - a scroll of enchant armour
 D - a scroll of torment
Potions
 a - a potion of lignification
 d - 2 potions of might
 f - a potion of berserk rage
 h - a potion of haste
 i - a potion of enlightenment {unknown}
 l - 3 potions of heal wounds
 n - 3 potions of invisibility
 q - 2 potions of curing
 A - a potion of brilliance
 B - 4 potions of ambrosia {unknown}


   Skills:
 + Level 7.1 Fighting
 - Level 2.0 Dodging
 * Level 10.6 Unarmed Combat
 * Level 9.8 Shapeshifting


You had 9 spell levels left.
You didn't know any spells.
Your spell library contained the following spells:

 Spells                   Type           Power      Damage    Failure   Level
 Foxfire                  Conj/Fire      0%         2x1d4     32%         1
 Ozocubu's Armour         Ice            0%         N/A       69%         3
 Animate Dead             Necr           0%         N/A       97%         4
 Metabolic Englaciation   Hex/Ice        0%         N/A       100%        5
 Plasma Beam              Fire/Air       0%         2x1d10    100%        6
 Simulacrum               Ice/Necr       0%         N/A       100%        6
 Starburst                Conj/Fire      0%         6d3       100%        6
 Haunt                    Necr/Summ      0%         N/A       100%        7
 Infestation              Necr           0%         N/A       100%        8


Dungeon Overview and Level Annotations

Branches:
Dungeon (10/15)            Temple (1/1) D:5            Lair (1/5) D:9
    Orc: D:9-12

Altars:
Ashenzari
Cheibriados
Dithmenos
Elyvilon
Fedhas
Gozag
Hepliaklqana
Kikubaaqudgha
Makhleb
Nemelex Xobeh
Okawaru
Qazlal
Ru
Trog
Uskayaw
Vehumet
Wu Jian
Xom
Yredelemnul
Zin
The Shining One

Shops:
D:5 (


Innate Abilities, Weirdness & Mutations

You have blades for main tentacles.
Your maximum health is decreased, since you lack skill for your form.
You are incapable of wielding weapons or throwing items.
You cannot wear most types of armour.
You are amphibious.
You can wear up to eight rings at the same time.
Your skin changes colour to match your surroundings (Stealth+).
Your rubbery body absorbs attacks. (AC +1, EV +1)
((You are camouflaged when in or above water. (Stealth+)))
You have tentacles for arms and can constrict up to eight enemies at once.


Message History

You are engulfed in a cloud of scalding steam.
You take 2 damage, and have 46/69 hp.
The steam dragon bites you. The steam dragon closely misses you.
Things that are here:
a +0 dagger; a +0 club You take 4 damage, and have 42/69 hp.
You now have 6/10 mp.
You slice the steam dragon!!
The steam dragon is almost dead.
The steam dragon breathes steam at you. The ball of steam misses you.
You hear a shout!
You barely miss the steam dragon. Your slash misses the steam dragon.
The steam dragon is severely wounded.
You are engulfed in a cloud of scalding steam.
You take 7 damage, and have 36/69 hp.
You now have 5/10 mp.
You slash the steam dragon!
You kill the steam dragon!
The Council accepts your kill.
The steam dragon scales are intact enough to wear.
You are engulfed in a cloud of scalding steam.
The kobold hits you with a +0 club.
A centaur comes into view.
You take 11 damage, and have 25/69 hp.
You now have 2/10 mp.
You spin and attack the kobold.
You hit the kobold.
You kill the kobold!
The Council accepts your kill.
Things that are here:
a +0 dagger; a stone; a kobold corpse The kobold is engulfed in a cloud of scalding steam.
The kobold dies!
The centaur wields a +0 shortbow.
The centaur shoots an arrow.
The arrow hits you!
* * * LOW HITPOINT WARNING * * *
You take 10 damage, and have 15/69 hp.
You now have 1/10 mp.
The centaur shoots an arrow.
The arrow hits you!
* * * LOW HITPOINT WARNING * * *
There is a stone staircase leading up here.
You take 8 damage, and have 7/69 hp.
The centaur shoots an arrow.
The arrow hits you!
You die...

###.##.#.#
#......#.##
##.#.......# #.
...c....#
#..#.......#
#..#[)..#..####
#..))..........
#...#)......##
#.. #..#@#..#
#. #.......# #
####.##.# ....
# ......
.....### .....#
......# ####


You could see a centaur.

Vanquished Creatures
  A two-headed ogre (D:8)
  Pikel (D:5)
  2 komodo dragons
  A shadow (D:9)
  6 yaks (D:9)
  Eustachio (D:6)
  A steam dragon (D:10)
  An acid dragon (D:9)
  2 water moccasins (D:8)
  2 black bears
  An orc warrior (D:8)
  An ice beast (D:7)
  A sky beast (D:8)
  5 centaurs
  A phantom (D:6)
  2 kobold brigands
  5 bullfrogs
  A gnoll sergeant (D:7)
  2 scorpions
  7 wights
  3 howler monkeys
  A hound (D:5)
  A jelly (D:6)
  2 orc priests
  A sleepcap (D:5)
  7 iguanas
  Ijyb (D:3)
  4 orc wizards
  Natasha (thrice) (D:2)
  Robin (D:3)
  6 gnolls
  5 adders
  2 shadow imps
  3 white imps
  2 worms
  3 dart slugs
  21 orcs
  6 endoplasms
  3 giant cockroaches (D:1)
  15 goblins
  11 hobgoblins
  12 jackals
  5 quokkas
  9 ball pythons
  6 bats
  8 frilled lizards
  11 kobolds
  7 rats
203 creatures vanquished.

Vanquished Creatures (others)
  A kobold (D:10)
1 creature vanquished.

Grand Total: 204 creatures vanquished

Notes
Turn   | Place    | Note
-------+----------+-------------------------------------------
     0 | D:1      | Dirtsage the Octopode Shapeshifter began the quest for the
                  | Orb.
     0 | D:1      | Reached XP level 1. HP: 13/13 MP: 1/1
    39 | D:1      | Reached XP level 2. HP: 17/18 MP: 2/2
   431 | D:1      | Reached XP level 3. HP: 23/23 MP: 3/3
  1248 | D:2      | Found a hazy altar of Hepliaklqana.
  1268 | D:2      | Noticed Natasha
  1274 | D:2      | Killed Natasha
  1275 | D:2      | Reached XP level 4. HP: 4/29 MP: 4/4
  1371 | D:2      | Noticed Natasha
  1377 | D:2      | Killed Natasha
  1378 | D:2      | Reached skill level 4 in Unarmed Combat
  1405 | D:2      | Noticed Natasha
  1540 | D:2      | Killed Natasha
  1541 | D:2      | Reached XP level 5. HP: 14/34 MP: 5/5
  1857 | D:3      | Found a burning altar of Makhleb.
  1935 | D:3      | Reached XP level 6. HP: 34/41 MP: 6/6
  2044 | D:3      | Noticed Ijyb
  2058 | D:3      | Killed Ijyb
  2062 | D:3      | Noticed Robin
  2278 | D:3      | Killed Robin
  2279 | D:3      | Reached skill level 5 in Unarmed Combat
  2714 | D:4      | Noticed a black bear
  2733 | D:4      | Killed a black bear
  2734 | D:4      | Reached skill level 5 in Shapeshifting
  2734 | D:4      | Reached XP level 7. HP: 37/46 MP: 7/7
  3249 | D:4      | Found a basalt altar of Yredelemnul.
  3309 | D:4      | HP: 2/46 [centaur/arrow (1)]
  3763 | D:5      | Entered Level 5 of the Dungeon
  3777 | D:5      | Reached skill level 6 in Unarmed Combat
  4017 | D:5      | Found an ancient bone altar of Kikubaaqudgha.
  4029 | D:5      | Reached XP level 8. HP: 35/54 MP: 5/8
  4320 | D:5      | Found a staircase to the Ecumenical Temple.
  4394 | Temple   | Entered the Ecumenical Temple
  4451 | D:5      | Found Hewu's Antique Weapon Shoppe.
  4528 | D:5      | Noticed Pikel
  4539 | D:5      | Killed Pikel
  4540 | D:5      | Reached skill level 7 in Unarmed Combat
  4729 | D:6      | Noticed Eustachio
  4740 | D:6      | Killed Eustachio
  4741 | D:6      | Reached XP level 9. HP: 55/60 MP: 6/9
  4842 | D:6      | Reached skill level 5 in Fighting
  4919 | D:6      | Found a stormy altar of Qazlal.
  5226 | D:6      | Reached skill level 8 in Unarmed Combat
  5613 | D:6      | Found an opulent altar of Gozag.
  6050 | D:7      | Found a sacrificial altar of Ru.
  6050 | D:7      | Found a hide-covered altar of Uskayaw.
  6081 | D:7      | Found an ornate altar of the Wu Jian Council.
  6088 | D:7      | Found a hazy altar of Hepliaklqana.
  6094 | D:7      | Became a worshipper of the Wu Jian Council
  6970 | D:8      | Noticed a two-headed ogre
  6991 | D:8      | Killed a two-headed ogre
  6992 | D:8      | Reached skill level 9 in Unarmed Combat
  6992 | D:8      | Reached XP level 10. HP: 41/68 MP: 6/10
  8715 | D:9      | Reached * piety under Wu Jian
  8783 | D:9      | Reached skill level 10 in Unarmed Combat
  9216 | D:9      | Found a staircase to the Lair.
  9507 | Lair:1   | Entered Level 1 of the Lair of Beasts
  9548 | D:10     | Entered Level 10 of the Dungeon
  9571 | D:10     | Shot with an arrow by a centaur

Illustrated notes

Levels and vault maps discovered:
D:1:      lordsloth_arrival_two_stooges, layout_basic, st_stairs_7
D:2:      layout_basic, basic_altar, uniq_natasha
D:3:      layout_rooms, mainiacjoe_overflow_small_starburst,
          minmay_misc_feat_enclosed, uniq_robin, uniq_ijyb
D:4:      cheibrodos_helix_gallery, layout_loops_ring,
          yredelemnul_altar_generic, minmay_manual_mares
D:5:      layout_cave_pools, mainiacjoe_overflow_cross_hatched,
          minmay_temple_entry_butterflies, serial_shops, shop, chequers_garden,
          hangedman_abyss_or_decor_stagger, uniq_pikel
D:6:      layout_gridville, lemuel_doored_altar,
          nicolae_gozag_cash_rules_everything_around_me, uniq_eustachio
D:7:      layout_cave_pods, nicolae_overflow_macrodata_refinement
D:8:      layout_layer_cave, kennysheep_generic_room_14
D:9:      layout_irregular_city, lair_entry_dummy
D:10:     layout_loops_cross, nicolae_sif_muna_condensation,
          nicolae_trove_entry_crossroad, gammafunk_ghost_cemetery
Temple:   nicolae_temple_no_exploring_needed
Lair:1:   layout_cave_shapes, dreamdust_wasp_nest

Skill      XL: |  1  2  3  4  5  6  7  8  9 10 |
---------------+-------------------------------+-----
Fighting       | 2 3 4 6 7 |  7.1
Unarmed Combat | 4 5 6 7 9 10 | 10.6
Shapeshifting  | 4 5 6 7 8 9 |  9.8
Dodging        | |  2.0

Action                     |  1- 3 |  4- 6 |  7- 9 | 10-12 || total
---------------------------+-------+-------+-------+-------++-------
  Melee: Unarmed           |    78 |   125 |   184 |   104 ||   491
         Constrict         |    20 |    33 |    43 |    12 ||   108
         Tentacles         |    10 |    28 |    50 |    16 ||   104
         Punch             |     1 |     5 |    16 |     9 ||    31
Ability: Lunge             |       |       |     4 |     7 ||    11
         Whirlwind         |       |       |       |     1 ||     1
    Use: Scroll            |       |       |    10 |     7 ||    17
         Potion            |       |       |     3 |     1 ||     4
   Stab: Sleeping          |    11 |     1 |     4 |     2 ||    18
         Distracted        |       |       |     1 |       ||     1
 Armour: Skin              |    29 |    60 |   104 |    66 ||   259
  Dodge: Dodged            |    31 |    70 |   113 |    29 ||   243
   Form: Blade             |       |       |     1 |       ||     1

Table legend: (Time is in decaauts)
 A = Elapsed time spent in this place.
 B = Non-inter-level travel time spent in this place.
 C = Inter-level travel time spent in this place.
 D = Time resting spent in this place.
 E = Time spent auto-exploring this place.
 F = Levels seen in this place.
 G = Mean time per level.
                   A        B        C        D        E       F      G
               +--------+--------+--------+--------+--------+-----+--------+
         Total |   9514 |   9140 |    374 |    867 |   6944 |  12 |  792.8 |
       Dungeon |   9505 |   9131 |    374 |    867 |   6944 |  10 |  950.5 |
        Temple |      1 |      1 |      0 |      0 |      0 |   1 |    1.0 |
          Lair |      7 |      7 |      0 |      0 |      0 |   1 |    7.0 |
               +--------+--------+--------+--------+--------+-----+--------+

Top non-repeatable levels by time:
     D:8: 1365 daAuts
     D:4: 1343 daAuts
     D:9: 1223 daAuts
     D:5: 1100 daAuts
     D:2: 1064 daAuts
     D:7: 1039 daAuts
     D:6: 1011 daAuts
     D:1: 696 daAuts
     D:3: 641 daAuts
    D:10: 20 daAuts
  Lair:1: 7 daAuts
  Temple: 1 daAuts
